 Dungeon Crawl Stone Soup version 0.30-a0-652-gcc886f7154 (webtiles) character file.

Game seed: 14503430542274676800

26 Newt the Shooter (level 3, -1/23 HPs)
             Began as a Kobold Hunter on Jan 17, 2023.
             Slain by a goblin
             ... wielding a +0 club
             ... led by Robin
              (2 damage)
             ... on level 2 of the Dungeon.
             The game lasted 00:00:42 (839 turns).

Newt the Shooter (Kobold Hunter)                     Turns: 839, Time: 00:00:43

Health: -1/23      AC:  3    Str:  8    XL:     3   Next: 22%
Magic:  3/3        EV: 14    Int: 10    God:
Gold:   49         SH:  0    Dex: 20    Spells: 2/2 levels left

rFire   . . .      SeeInvis .    a - +0 shortbow
rCold   . . .      Faith    .    (shield currently unavailable)
rNeg    . . .      Spirit   .    c - +0 leather armour
rPois   .          Reflect  .    (no helmet)
rElec   .          Harm     .    (no cloak)
rCorr   .          Rampage  .    (no gloves)
Will    .....                    (no boots)
Stlth   +++                      (no amulet)
HPRegen 0.23/turn                (no ring)
MPRegen 0.08/turn                (no ring)

@: no status effects
A: small, no large weapons, nightstalker 3
a: no special abilities


You were on level 2 of the Dungeon.
You visited 1 branch of the dungeon, and saw 2 of its levels.

You collected 49 gold pieces.

Inventory:

Hand Weapons
 a - a +0 shortbow (weapon)
Armour
 c - a +0 leather armour (worn)
Scrolls
 b - 2 scrolls of immolation
 f - a scroll of torment
 h - a scroll of noise
 i - a scroll of poison
Potions
 d - 2 potions of ambrosia {unknown}
 g - a potion of degeneration {unknown}


   Skills:
 + Level 3.2 Fighting
 - Level 5.3 Ranged Weapons
 - Level 2.4 Dodging
 - Level 3.0 Stealth


You had 2 spell levels left.
You didn't know any spells.
Your spell library was empty.

Dungeon Overview and Level Annotations

Branches:
Dungeon (2/15)

Altars:

Annotations:
D:2 Robin


Innate Abilities, Weirdness & Mutations

You are small and have problems with some larger weapons.
You are completely attuned to the shadows.


Message History

The goblin is moderately wounded.
The goblin hits you with a +0 club. Robin throws the goblin at you!
A goblin comes into view. It is wielding a +0 club.
The goblin misses you. The goblin hits you but does no damage.
You shoot an arrow. The arrow closely misses the goblin.
You hear a shout!
The goblin barely misses you.
Robin roars a battlecry!
The goblins go into a battle-frenzy!
The goblin hits you but does no damage. The goblin closely misses you.
A goblin comes into view. It is wielding a +0 club.
The goblin hits you with a +0 club. The dart slug barely misses you.
The goblin hits you with a +0 club. The goblin hits you but does no damage.
You shoot an arrow. The arrow hits the goblin.
You kill the goblin!
The goblin closely misses you. The goblin hits you with a +0 club.
The dart slug bites you but does no damage.
You shoot an arrow. The arrow barely misses the goblin.
Robin throws the goblin at you! The goblin hits you but does no damage.
The goblin hits you with a +0 club. The goblin misses you.
You are too injured to fight recklessly!
You are too injured to fight recklessly!
You are too injured to fight recklessly!
You shoot an arrow.
The arrow completely misses the dart slug.
You hear a shout!
The goblin closely misses you. The goblin hits you but does no damage.
The goblin misses you. The dart slug launches a dart at you.
The slug dart misses you.
The slug dart hits the goblin.
The goblin closely misses you. The goblin hits you with a +0 club.
* * * LOW HITPOINT WARNING * * *
The goblin misses you.
You shoot an arrow. The arrow hits the dart slug.
The dart slug is moderately wounded.
The dart slug misses you. The goblin closely misses you.
The goblin hits you with a +0 club.
* * * LOW HITPOINT WARNING * * *
The goblin hits you with a +0 club.
You die...

#.# #.#.##.# ##..# #####.##
#.#.##.# ###...#. .......#
###.#.##.###........
.####..###.....##.........#..
.# #..##.....#######.#.#####
.# #.................#.# .#
#..##.....##.######.# .#
#..........g#w...) .#
#..###.#.##g@##### .# #..#
.#.##g## .# #g .# gg .####..
##) ..<.... #####.#


You could see Robin, a dart slug and 5 goblins.

Vanquished Creatures
  4 ball pythons (D:1)
  7 goblins
  4 hobgoblins (D:1)
  3 jackals (D:1)
  2 bats (D:1)
  A frilled lizard (D:2)
  A rat (D:1)
22 creatures vanquished.

Notes
Turn   | Place    | Note
-------+----------+-------------------------------------------
     0 | D:1      | Newt the Kobold Hunter began the quest for the Orb.
     0 | D:1      | Reached XP level 1. HP: 12/12 MP: 1/1
   188 | D:1      | Reached XP level 2. HP: 17/17 MP: 2/2
   273 | D:1      | Found a faded altar of an unknown god.
   702 | D:1      | Reached XP level 3. HP: 23/23 MP: 3/3
   831 | D:2      | Noticed Robin
   839 | D:2      | HP: 1/23 [goblin/+0 club[Robin] (4)]
   839 | D:2      | Slain by a goblin

Illustrated notes

Levels and vault maps discovered:
D:1:      spicycebolla_arrival_xxxplode, layout_loops_ring,
          basic_ecumenical_altar
D:2:      minmay_door_path, layout_loops_ring, uniq_robin

Skill      XL: |  1  2 |
---------------+-------+-----
Stealth        | 2 3 |  3.0
Fighting       | 3 |  3.2
Ranged Weapons | |  5.3
Dodging        | |  2.4

Action                   || total
-------------------------++-------
 Fire: Shortbow          ||    54
  Use: Scroll            ||     3
Armor: Leather armour    ||    15
Dodge: Dodged            ||    47

Table legend: (Time is in decaauts)
 A = Elapsed time spent in this place.
 B = Non-inter-level travel time spent in this place.
 C = Inter-level travel time spent in this place.
 D = Time resting spent in this place.
 E = Time spent auto-exploring this place.
 F = Levels seen in this place.
 G = Mean time per level.
                   A        B        C        D        E       F      G
               +--------+--------+--------+--------+--------+-----+--------+
         Total |    854 |    843 |     11 |    123 |    614 |   2 |  427.0 |
       Dungeon |    854 |    843 |     11 |    123 |    614 |   2 |  427.0 |
               +--------+--------+--------+--------+--------+-----+--------+

Top non-repeatable levels by time:
     D:1: 742 daAuts
     D:2: 111 daAuts
